 Dungeon Crawl Stone Soup version 0.21-a0-404-g291f19a (webtiles) character file.

14 Mamutox the Grasshopper (level 2, -1/14 HPs)
             Began as a Spriggan Warper on Oct 28, 2017.
             Slain by a leopard gecko (2 damage)
             ... on level 1 of the Dungeon.
             The game lasted 00:04:06 (5456 turns).

Mamutox the Grasshopper (Spriggan Warper)           Turns: 5456, Time: 00:04:06

Health: -1/14      AC:  2    Str:  7    XL:     2   Next: 27%
Magic:  7/7        EV: 19    Int: 14    God:
Gold:   0          SH:  0    Dex: 15    Spells: 7/7 levels left

rFire    . . .     SeeInvis +   a - +0 short sword
rCold    . . .     Gourm    .   (shield restricted)
rNeg     . . .     Faith    .   b - +0 robe
rPois    .         Spirit   .   (helmet restricted)
rElec    .         Reflect  .   (no cloak)
rCorr    .         Harm     .   (gloves unavailable)
MR       .....                  (boots unavailable)
Stlth    +.........             (no amulet)
HPRegen  0.04/turn              (no ring)
MPRegen  0.10/turn              (no ring)

@: fainting, very quick
A: unfitting armour, see invisible, herbivore 3, speed 3, slow metabolism 2
a: no special abilities


You were on level 1 of the Dungeon.
You were fainting.

You visited 1 branch of the dungeon, and saw 1 of its levels.

Inventory:

Hand Weapons
 a - a +0 short sword (weapon)
Missiles
 e - 5 tomahawks of dispersal (quivered)
Armour
 b - a +0 robe (worn)
Scrolls
 d - a scroll of blinking
Potions
 f - a potion of curing
Books
 c - a book of Spatial Translocations

   Spells                             Type                      Level
   a - Blink                          Translocation                2
   b - Shroud of Golubria             Charms/Translocation         2
   c - Lesser Beckoning               Translocation                3
   d - Gell's Gravitas                Translocation                3
   e - Teleport Other                 Translocation                3
   f - Passage of Golubria            Translocation                4


   Skills:
 + Level 1.5 Fighting
 + Level 2.1 Short Blades
 + Level 1.3 Throwing
 + Level 4.1 Dodging
 + Level 3.1 Spellcasting
   Level 4.4 Translocations


You had 7 spell levels left.
You didn't know any spells.

Dungeon Overview and Level Annotations

Branches:
Dungeon (1/15)

Altars:


Innate Abilities, Weirdness & Mutations

You are very small and have problems with some larger weapons.
You are too small for most types of armour.
You have supernaturally acute eyesight. (SInv)
You are a herbivore.
You cover ground extremely quickly.
You need consume almost no food.


Message History

The leopard gecko closely misses you.
The leopard gecko completely misses you.
The leopard gecko bites you.
* * * LOW HITPOINT WARNING * * *
The leopard gecko completely misses you.
The leopard gecko closely misses you.
You are fainting from starvation!
The leopard gecko completely misses you.
The leopard gecko bites you but does no damage.
The leopard gecko misses you. The leopard gecko closely misses you.
The leopard gecko misses you.
The leopard gecko completely misses you.
The leopard gecko completely misses you.
The leopard gecko bites you but does no damage.
The leopard gecko closely misses you. The leopard gecko misses you.
The leopard gecko misses you. The leopard gecko bites you.
You die...

K# .. # ## ####
.# .# .. ..# .#
#.### #.
#.##.##.....
#.#..##..........
#..............#
......l@..#.#
#.#..###....# ...
#.#.## # #.#.# #.
#.#.# #.
.####.#.###.# #.
............# #.
#####.#.#####
#.### ##.#.#
#...#


You could see a leopard gecko.

Vanquished Creatures
  2 dart slugs (D:1)
  A goblin (D:1)
  A hobgoblin (D:1)
  A kobold (D:1)
  3 bats (D:1)
  A frilled lizard (D:1)
  A rat (D:1)
10 creatures vanquished.

Notes
Turn   | Place    | Note
-------+----------+-------------------------------------------
     0 | D:1      | Mamutox the Spriggan Warper began the quest for the Orb.
     0 | D:1      | Reached XP level 1. HP: 10/10 MP: 5/5
    95 | D:1      | Reached XP level 2. HP: 13/14 MP: 6/6
  5456 | D:1      | Slain by a leopard gecko

Vault maps used:
D:1:      mrwooster_arrival_statue_3, minmay_cut_off

Skill      XL: |  1  2 |
---------------+-------+-----
Dodging        | 4 |  4.1
Spellcasting   | 3 |  3.1
Fighting       | |  1.5
Short Blades   | |  2.1
Throwing       | |  1.3
Translocations | |  4.4

Action                   || total
-------------------------++-------
Melee: Short sword       ||    37
  Use: Potion            ||     2
Armor: Robe              ||    10
Dodge: Dodged            ||    83

Table legend:
 A = Spawn XP
 B = Non-spawn XP
 C = Spawn XP percentage of total XP
 D = Spawn monster count
 E = Non-spawn monster count
 F = Spawn count percentage of total count
 G = Total turns spent on level
                    A         B        C        D         E        F      G
               +---------+---------+-------+---------+---------+-------+---------
         Total |       0 |      20 |   0.0 |       0 |      10 |   0.0 |  5456
               +---------+---------+-------+---------+---------+-------+---------
           D:1 |       0 |      20 |   0.0 |       0 |      10 |   0.0 |  5456
               +---------+---------+-------+---------+---------+-------+---------
